 Dungeon Crawl Stone Soup version 0.26-a0-663-g36e8fdb655 (webtiles) character file.

Game seed: 11795897168050133740

22752 mg7810 the Carver (level 12, -9/154 HPs)
             Began as a Minotaur Fighter on Oct 10, 2020.
             Was a High Priest of Makhleb.
             Mangled by an ice beast (10 damage)
             ... in an ice cave.
             The game lasted 00:47:07 (10820 turns).

mg7810 the Carver (Minotaur Fighter)               Turns: 10820, Time: 00:47:09

Health: -9/154     AC: 26    Str: 23    XL:     12   Next: 65%
Magic:  16/16      EV:  2    Int:  6    God:    Makhleb [*****.]
Gold:   938        SH:  0    Dex: 12    Spells: 11/11 levels left

rFire    . . .     SeeInvis +   u - +9 rapier of the Purse {freeze, SInv}
rCold    . . .     Faith    .   (no shield)
rNeg     + + +     Spirit   .   (armour currently unavailable)
rPois    +         Reflect  .   (helmet currently unavailable)
rElec    .         Harm     .   (cloak currently unavailable)
rCorr    +         Rampage  .   (gloves currently unavailable)
MR       .....     NoTele   +   (boots currently unavailable)
Stlth    +.........             e - amulet of regeneration
HPRegen  0.75/turn              x - ring of resist corrosion
MPRegen  0.15/turn              z - +4 ring of evasion

@: tree-form
A: (retaliatory headbutt)
a: Minor Destruction, Lesser Servant of Makhleb, Major Destruction, Greater
Servant of Makhleb, Renounce Religion


You were in an ice cave.
You worshipped Makhleb.
Makhleb was extremely pleased with you.
You were a tree.
You visited 2 branches of the dungeon, and saw 13 of its levels.
You also visited: Bailey and Ice Cave.

You collected 938 gold pieces.

Inventory:

Hand Weapons
 u - the +9 rapier of the Purse (weapon) {freeze, SInv}
   (You found it on level 4 of the Dungeon)

   It has been specially enchanted to freeze those struck by it, causing extra
   injury to most foes and up to half again as much damage against particularly
   susceptible opponents.
   It can also slow down cold-blooded creatures.
   It lets you see invisible.
 D - the +1 arbalest of mg7810's Infinite Pain {venom, rElec MP+9 Int+6 Stlth-}
   (You found it on level 5 of the Dungeon)

   It poisons the ammo it fires.
   It affects your intelligence (+6).
   It insulates you from electricity.
   It affects your magic capacity (+9).
   It makes you less stealthy.
 Z - a +2 hand axe of flaming
Missiles
 a - 12 poisoned darts (quivered)
 F - 78 bolts
 N - 3 curare-tipped darts
 Q - 8 boomerangs
Armour
 b - a +2 cloak (melded)
 d - a +2 hat (melded)
 I - a +1 pair of gloves (melded)
 T - a +4 plate armour of positive energy (melded)
 Y - a +2 pair of boots of rampaging (melded)
Jewellery
 e - an amulet of regeneration (around neck)
 j - an uncursed ring of magical power
 x - a ring of resist corrosion (left branch)
 z - a +4 ring of evasion (right branch)
Wands
 f - a wand of random effects (13)
 q - a wand of disintegration (8)
 r - a wand of paralysis (17)
 w - a wand of digging (7)
 J - a wand of flame (23)
 K - a wand of acid (21)
 R - a wand of polymorph (6)
Scrolls
 h - 2 scrolls of immolation
 i - 2 scrolls of enchant weapon
 k - a scroll of blinking
 m - 2 scrolls of fear
 n - 4 scrolls of remove curse
 A - a scroll of teleportation
 C - 4 scrolls of enchant armour
Potions
 c - 2 potions of stabbing
 g - a potion of brilliance
 s - 2 potions of curing
 t - a potion of degeneration {unknown}
 B - 2 potions of haste
 G - a potion of cancellation {unknown}
 M - 2 potions of heal wounds {unknown}
 O - a potion of magic {unknown}
Miscellaneous
 E - a lightning rod (4/4)


   Skills:
 + Level 8.5 Fighting
 + Level 10.0(11.8) Short Blades
   Level 11.4(13.0) Long Blades
 + Level 5.6 Axes
 * Level 2.9 Crossbows
 + Level 8.9 Armour
 + Level 1.9 Dodging
   Level 5.4 Shields
 * Level 7.8 Unarmed Combat
 * Level 7.3 Invocations
 * Level 6.4 Evocations


You had 11 spell levels left.
You didn't know any spells.
Your spell library contained the following spells:

 Spells                   Type           Power        Failure   Level
 Animate Skeleton         Necr           #.....       45%         1
 Apportation              Tloc           #.....       45%         1
 Corona                   Hex            #......      45%         1
 Magic Dart               Conj           #...         45%         1
 Pain                     Necr           #...         45%         1
 Summon Small Mammal      Summ           #...         45%         1
 Blink                    Tloc           N/A          58%         2
 Call Imp                 Summ           #.......     58%         2
 Slow                     Hex            #.......     58%         2
 Conjure Flame            Conj/Fire      #.......     83%         3
 Mephitic Cloud           Conj/Pois/Air  #.......     83%         3
 Vampiric Draining        Necr           #.........   83%         3
 Animate Dead             Necr           #.........   99%         4
 Agony                    Necr           #.......     100%        5


Dungeon Overview and Level Annotations

Branches:
Dungeon (12/15)            Temple (1/1) D:6            Lair (0/6) D:11
    Orc (0/2) D:12         Bailey (visited)           IceCv (1/1)

Altars:
Ashenzari
Cheibriados
Dithmenos
Elyvilon
Fedhas
Gozag
Hepliaklqana
Kikubaaqudgha
Makhleb
Nemelex Xobeh
Okawaru
Qazlal
Ru
Sif Muna
Trog
Uskayaw
Vehumet
Wu Jian
Xom
Yredelemnul
Zin
The Shining One

Shops:
D:4 (   D:10 :

Annotations:
D:8 2 transporters
Abyss:1 Erica


Innate Abilities, Weirdness & Mutations

((You reflexively headbutt those who attack you in melee.))
((You have a pair of horns on your head.))


Message History

You hit the ice beast.
The ice beast is severely wounded.
The ice beast hits you.
* * * LOW HITPOINT WARNING * * *
The ice beast freezes you.
* * * LOW HITPOINT WARNING * * *
Unknown command.
You puncture the ice beast!
The ice beast is almost dead.
The ice beast hits you but does no damage.
The ice beast hits you.
* * * LOW HITPOINT WARNING * * *
The ice beast freezes you.
* * * LOW HITPOINT WARNING * * *
Your hellwing hits the ice beast! Your hellwing hits the ice beast.
The ice beast hits you but does no damage.
The ice beast hits you.
* * * LOW HITPOINT WARNING * * *
The ice beast freezes you!
You die...

#.../.:.}...#
##..../©/....##
#......!......#
#....8...8....#
#.............#
#..4........#
#..Y†Y......#
#..Y♣Y∩.....#
##...Y.....##
##...∩...##
##.....##
#######


You could see 5 ice beasts and a friendly hellwing (summoned).

Vanquished Creatures
  Gastronok (D:8)
  Harold (D:8)
  A boulder beetle (D:11)
  3 two-headed ogres
  An orc high priest (Bailey)
  An unseen horror (D:10)
  Pikel (D:4)
  An orc knight (Bailey)
  An orc sorcerer (Bailey)
  Maurice (D:8)
  Joseph (D:7)
  A komodo dragon (D:11)
  2 trolls
  A shadow (D:11)
  9 yaks
  A wyvern (D:11)
  Eustachio (D:4)
  A water moccasin (D:7)
  13 orc warriors
  4 sky beasts
  2 hornet zombies
  6 ice beasts
  2 phantoms
  2 black bears (D:6)
  7 ogres
  Blork the orc (D:6)
  2 big kobolds
  13 bullfrogs
  A gnoll sergeant (D:10)
  A water moccasin zombie (D:7)
  A wyvern zombie (D:6)
  A scorpion (D:2)
  9 killer bees
  7 electric eels
  A howler monkey (D:6)
  3 bullfrog zombies
  A quasit (D:7)
  6 hounds
  A bullfrog skeleton (D:2)
  10 orc priests
  3 jellies
  14 orc wizards
  4 iguanas
  10 worker ants
  An ogre zombie (D:12)
  13 gnolls
  3 worker ant zombies
  A howler monkey skeleton (D:7)
  16 adders
  A shadow imp (D:9)
  10 white imps
  3 ufetubi
  2 oozes
  An adder skeleton (D:3)
  A worm (D:3)
  4 leopard geckos
  39 orcs
  6 bats
  5 giant cockroaches
  16 goblins
  16 hobgoblins
  4 jackals (D:3)
  6 quokkas
  3 ball pythons (D:2)
  6 frilled lizards
  A goblin zombie (D:12)
  A hobgoblin zombie (D:12)
  22 kobolds
  A leopard gecko skeleton (D:6)
  3 orc skeletons (D:12)
  7 orc zombies (D:12)
  10 rats
  A spectral orc (D:3)
357 creatures vanquished.

Vanquished Creatures (collateral kills)
  A two-headed ogre (D:11)
  A boulder beetle (D:11)
  A manticore (D:11)
  A deep elf mage (D:11)
  An ugly thing (IceCv)
  A cyclops (D:11)
  A hornet (D:12)
  A shadow (D:12)
  A scorpion (D:11)
  2 troll zombies (D:12)
  A hound (D:12)
  An orc priest (D:12)
  5 ogre zombies (D:12)
  A worker ant zombie (D:11)
  An adder (D:11)
  5 white imps (D:12)
  An orc (D:11)
  2 goblin zombies (D:12)
  A hobgoblin skeleton (D:12)
  An orc skeleton (D:12)
  9 orc zombies (D:12)
39 creatures vanquished.

Vanquished Creatures (others)
  A centaur (D:7)
  21 plants (D:11)
22 creatures vanquished.

Grand Total: 418 creatures vanquished

Notes
Turn   | Place    | Note
-------+----------+-------------------------------------------
     0 | D:1      | mg7810 the Minotaur Fighter began the quest for the Orb.
     0 | D:1      | Reached XP level 1. HP: 19/19 MP: 0/0
   213 | D:1      | Reached XP level 2. HP: 27/27 MP: 1/1
   504 | D:1      | Reached skill level 1 in Unarmed Combat
  1073 | D:2      | Reached XP level 3. HP: 33/33 MP: 2/2
  1175 | D:2      | Noticed a scorpion
  1186 | D:2      | Killed a scorpion
  1186 | D:2      | Reached XP level 4. HP: 29/40 MP: 3/3
  1264 | D:2      | Found a burning altar of Makhleb.
  1274 | D:2      | Became a worshipper of Makhleb the Destroyer
  1522 | D:2      | Found a sparkling altar of Nemelex Xobeh.
  1730 | D:3      | Reached XP level 5. HP: 46/46 MP: 4/4
  1870 | D:3      | Found a blossoming altar of Fedhas.
  2219 | D:3      | Found a basalt altar of Yredelemnul.
  2261 | D:3      | Found a glowing golden altar of the Shining One.
  2375 | D:4      | Found Yrakkeng's Weapon Shoppe.
  2400 | D:4      | Found a bloodstained altar of Trog.
  2505 | D:4      | Got a faintly glowing rapier
  2506 | D:4      | Identified the +9 rapier of the Purse {freeze, SInv} (You
                  | found it on level 4 of the Dungeon)
  2608 | D:4      | Noticed Pikel
  2608 | D:4      | Noticed a lemure
  2608 | D:4      | Noticed a lemure
  2608 | D:4      | Noticed a lemure
  2609 | D:4      | Noticed a lemure
  2614 | D:4      | Killed Pikel
  2614 | D:4      | Reached skill level 5 in Axes
  2614 | D:4      | Reached skill level 1 in Dodging
  2614 | D:4      | Reached skill level 5 in Shields
  2614 | D:4      | Reached skill level 1 in Evocations
  2614 | D:4      | Reached XP level 6. HP: 37/53 MP: 4/6
  2614 | D:4      | Reached XP level 7. HP: 42/60 MP: 4/7
  2685 | D:4      | Noticed Eustachio
  2699 | D:4      | Killed Eustachio
  2699 | D:4      | Reached skill level 5 in Armour
  3377 | D:5      | Entered Level 5 of the Dungeon
  3384 | D:5      | Reached * piety under Makhleb
  3475 | D:5      | Reached XP level 8. HP: 67/67 MP: 9/9
  3706 | D:5      | Reached skill level 5 in Short Blades
  3762 | D:5      | Reached skill level 5 in Fighting
  3835 | D:5      | Got an ichor-stained arbalest
  4026 | D:5      | Identified the +1 arbalest of mg7810's Infinite Pain
                  | {venom, rElec MP+9 Int+6 Stlth-} (You found it on level 5
                  | of the Dungeon)
  4533 | D:6      | Reached skill level 1 in Crossbows
  4557 | D:6      | Reached ** piety under Makhleb
  4598 | D:6      | Noticed Blork the orc
  4603 | D:6      | Killed Blork the orc
  4603 | D:6      | Reached XP level 9. HP: 65/74 MP: 10/10
  4738 | D:6      | Found a staircase to the Ecumenical Temple.
  4741 | D:6      | Found a transporter.
  4773 | D:6      | Found a transporter.
  4819 | D:6      | Reached *** piety under Makhleb
  4955 | D:6      | Found a shadowy altar of Dithmenos.
  5077 | D:7      | Found a shimmering altar of Xom.
  5289 | D:7      | Noticed Joseph
  5303 | D:7      | Killed Joseph
  5867 | Temple   | Entered the Ecumenical Temple
  6060 | D:8      | Noticed an orc high priest
  6060 | D:8      | Noticed a kobold demonologist
  6065 | D:8      | Found a transporter.
  6066 | D:8      | Found a transporter.
  6161 | D:8      | Noticed Harold
  6173 | D:8      | Killed Harold
  6173 | D:8      | Reached skill level 1 in Long Blades
  6173 | D:8      | Reached skill level 5 in Invocations
  6173 | D:8      | Reached XP level 10. HP: 83/83 MP: 12/12
  6202 | D:8      | Noticed Gastronok
  6205 | D:8      | Noticed Maurice
  6213 | D:8      | Killed Maurice
  6218 | D:8      | Killed Gastronok
  6218 | D:8      | Reached skill level 3 in Long Blades
  6218 | D:8      | Reached skill level 5 in Unarmed Combat
  6403 | D:8      | Reached **** piety under Makhleb
  6533 | D:8      | Found a burning altar of Makhleb.
  6679 | D:8      | Reached skill level 10 in Short Blades
  6825 | D:9      | Reached skill level 4 in Long Blades
  6977 | D:9      | Found a radiant altar of Vehumet.
  6987 | D:9      | Identified Vehumet's Guide on Battle Magic
  7011 | D:9      | Found an ornate altar of the Wu Jian Council.
  7120 | D:9      | Reached skill level 5 in Long Blades
  7120 | D:9      | Reached XP level 11. HP: 91/91 MP: 14/14
  7402 | D:9      | Found an iron altar of Okawaru.
  7467 | D:9      | Found an ancient bone altar of Kikubaaqudgha.
  7467 | D:9      | Found a shimmering blue altar of Sif Muna.
  7657 | D:10     | Entered Level 10 of the Dungeon
  7704 | D:10     | Noticed a two-headed ogre
  7720 | D:10     | Killed a two-headed ogre
  7720 | D:10     | Reached skill level 6 in Long Blades
  7720 | D:10     | Reached skill level 5 in Evocations
  7917 | D:10     | Killed an unseen horror
  7917 | D:10     | Reached skill level 7 in Long Blades
  7978 | D:10     | Got a pair of ancient boots
  7984 | D:10     | Identified the +2 pair of boots of the Ego {Dex+7} (You
                  | found it on level 10 of the Dungeon)
  8003 | D:10     | Found Quthucli's Book Emporium.
  8275 | D:11     | Reached ***** piety under Makhleb
  8327 | D:11     | Found a flagged portal.
  8332 | D:11     | Noticed a boulder beetle
  8335 | D:11     | Got an ivory hand axe
  8337 | D:11     | Reached skill level 8 in Long Blades
  8356 | D:11     | Killed a boulder beetle
  8360 | Bailey   | Entered a bailey
  8429 | Bailey   | Found an iron altar of Okawaru.
  8429 | Bailey   | Noticed an orc high priest
  8429 | Bailey   | Noticed an orc sorcerer
  8434 | Bailey   | Noticed a soul eater
  8435 | Bailey   | Noticed a sixfirhy
  8439 | Bailey   | Killed an orc sorcerer
  8454 | Bailey   | Noticed a sun demon
  8454 | Bailey   | Noticed a sun demon
  8457 | Bailey   | Killed an orc high priest
  8457 | Bailey   | Reached skill level 9 in Long Blades
  8568 | Bailey   | Noticed a shadow demon
  8581 | Bailey   | Banished a shadow demon
  8624 | Bailey   | Got a jewelled scale mail
  8666 | Bailey   | Noticed an orc knight
  8673 | Bailey   | Killed an orc knight
  8820 | Bailey   | Acquired a +2 pair of boots of rampaging
  9023 | D:11     | Noticed a deep elf mage
  9034 | D:11     | Noticed a two-headed ogre
  9037 | D:11     | Killed a two-headed ogre
  9037 | D:11     | Reached XP level 12. HP: 83/101 MP: 15/15
  9079 | D:11     | Identified the +1 scale mail of Winter {rElec MP+9 Str+3}
                  | (You found it in a bailey)
  9191 | D:11     | Reached skill level 10 in Long Blades
  9259 | D:11     | Noticed a boulder beetle
  9272 | D:11     | Killed a boulder beetle
  9320 | D:11     | Noticed a two-headed ogre
  9332 | D:11     | Killed a two-headed ogre
  9453 | D:11     | Noticed a boulder beetle
  9460 | D:11     | Banished a boulder beetle
  9473 | D:11     | Found a staircase to the Lair.
  9574 | D:11     | Noticed Erica
  9580 | D:11     | Banished Erica
  9599 | D:11     | Noticed a boulder beetle
  9606 | D:11     | Banished a boulder beetle
  9606 | D:11     | Reached skill level 11 in Long Blades
  9613 | D:11     | Noticed a two-headed ogre
  9620 | D:11     | Killed a two-headed ogre
 10263 | Temple   | Identified the +1 hand axe "Tattletale" {vamp, *Slow +Fly
                  | rN+ MR+} (You found it on level 11 of the Dungeon)
 10734 | D:12     | Found a staircase to the Orcish Mines.
 10784 | D:12     | Found a frozen archway.
 10803 | IceCv    | Entered an ice cave
 10820 | IceCv    | HP: 3/154 [ice beast (6)]
 10820 | IceCv    | HP: 1/154 [ice beast (2)]
 10820 | IceCv    | Mangled by an ice beast

Illustrated notes

Levels and vault maps discovered:
D:1:      kennysheep_arrival_forest, layout_basic
D:2:      layout_basic, nemelex_altar_shiori, lemuel_round_altar
D:3:      layout_loops_ring, nicolae_tso_swordbearing_angel,
          yredelemnul_forgotten_temple_becter, corexii_item_surrounded_by_moat,
          serial_bayou_pond_e, fedhas_altar_2
D:4:      layout_loops_corners, bloody_trog, serial_shops,
          nicolae_shop_temple_entry_statues_fountains, uniq_pikel,
          uniq_eustachio
D:5:      layout_cave_pools, minivault_5, cheibrodos_gnoll_hut
D:6:      gammafunk_steamed_eel, layout_cave_pools, kennysheep_mini_moat,
          minmay_temple_entry_overgrown, st_stairs_3, uniq_blork_the_orc
D:7:      layout_loops_ring, xom_confusion_cloud, uniq_joseph
D:8:      gammafunk_wand_slinger, layout_gridville, makhleb_heckhound_becter,
          uniq_maurice, uniq_harold, uniq_gastronok
D:9:      layout_basic, grunt_temple_overflow_magic_moments, okawaru_trees_1,
          lemuel_crystal_altar, serial_corexii_hall, corexii_hall_statues_i,
          chequers_hall_statues_corner_a
D:10:     layout_rooms, serial_shops, shop
D:11:     minmay_bloctagon_deflated, layout_stronghold, david_lair_shrubbed,
          enter_bailey_2, uniq_erica
D:12:     layout_loops_ring, zombieorc2_lemuel, portal_ice_cave_entry_imps,
          uniq_psyche, uniq_snorg
Temple:   zaba_magenta_temple
IceCv:    ice_cave_statue_garden_transporter

Skill      XL: |  1  2  3  4  5  6  7  8  9 10 11 12 |
---------------+-------------------------------------+-----
Shields        | 4 5 |  5.4
Unarmed Combat | 1 2 4 5 6 7 |  7.8
Axes           | 3 5 |  5.6
Fighting       | 4 5 6 7 8 |  8.5
Armour         | 4 5 6 7 8 |  8.9
Short Blades   | 2 4 6 9 10 | 10.0
Dodging        | 1 |  1.9
Invocations    | 2 3 5 6 7 |  7.3
Evocations     | 1 2 3 4 5 6 |  6.4
Crossbows      | 1 2 |  2.9
Long Blades    | 1 5 9 11 | 11.4

Action                   |  1- 3 |  4- 6 |  7- 9 | 10-12 || total
-------------------------+-------+-------+-------+-------++-------
Melee: War axe           |    85 |    50 |       |       ||   135
       Headbutt          |     9 |     7 |    39 |    79 ||   134
       Rapier            |       |     4 |   239 |    48 ||   291
       Long sword        |       |       |     7 |   320 ||   327
       Punch             |       |       |     4 |    14 ||    18
 Fire: Arbalest          |       |       |    16 |     5 ||    21
Throw: Dart              |       |       |       |     6 ||     6
Invok: Lesser Servant of |       |       |       |     6 ||     6
       Greater Servant o |       |       |       |     2 ||     2
       Major Destruction |       |       |       |     1 ||     1
Evoke: Wand              |       |       |       |    11 ||    11
       Lightning rod     |       |       |       |     3 ||     3
  Use: Scroll            |     5 |     4 |    11 |    13 ||    33
       Potion            |       |     3 |     2 |     2 ||     7
Armor: Scale mail        |    41 |    14 |       |       ||    55
       Plate armour      |       |    14 |   132 |   184 ||   330
       Skin              |       |       |       |    14 ||    14
Dodge: Dodged            |    37 |    15 |    65 |   221 ||   338
Block: Kite shield       |    54 |    29 |    29 |       ||   112
       Rpst.: Long sword |       |       |     5 |    47 ||    52

Table legend: (Time is in decaauts)
 A = Elapsed time spent in this place.
 B = Non-inter-level travel time spent in this place.
 C = Inter-level travel time spent in this place.
 D = Time resting spent in this place.
 E = Time spent auto-exploring this place.
 F = Levels seen in this place.
 G = Mean time per level.
                   A        B        C        D        E       F      G
               +--------+--------+--------+--------+--------+-----+--------+
         Total |  10830 |   9824 |   1006 |      0 |   7158 |  15 |  722.0 |
       Dungeon |  10042 |   9043 |    999 |      0 |   6743 |  12 |  836.8 |
        Temple |    136 |    130 |      6 |      0 |     57 |   1 |  136.0 |
        Bailey |    639 |    639 |      0 |      0 |    358 |   1 |  639.0 |
      Ice Cave |     11 |     11 |      0 |      0 |      0 |   1 |   11.0 |
               +--------+--------+--------+--------+--------+-----+--------+

Top non-repeatable levels by time:
    D:11: 1306 daAuts
     D:1: 1106 daAuts
     D:4: 1021 daAuts
     D:5: 994 daAuts
     D:9: 925 daAuts
     D:7: 825 daAuts
     D:3: 823 daAuts
     D:8: 785 daAuts
     D:6: 784 daAuts
     D:2: 747 daAuts
  Bailey: 639 daAuts
    D:10: 637 daAuts
  Temple: 136 daAuts
    D:12: 84 daAuts
   IceCv: 11 daAuts
